 Dungeon Crawl Stone Soup version 0.31-a0-117-g42d8f58691 (webtiles) character file.

Game seed: 10049172239785641891

69 hikkokomori the Conjurer (level 3, -13/28 HPs)
             Began as a Demigod Conjurer on May 30, 2023.
             Killed from afar by Ijyb (15 damage)
             ... with a bolt of light
             ... on level 3 of the Dungeon.
             The game lasted 00:03:04 (2102 turns).

hikkokomori the Conjurer (Demigod Conjurer)         Turns: 2102, Time: 00:03:04

Health: -13/28     AC:  2    Str:  8    XL:     3   Next: 75%
Magic:  8/9        EV: 12    Int: 24    God:
Gold:   59         SH:  0    Dex: 12    Spells: 3/6 levels left

rFire   . . .        n - +2 short sword (flame)
rCold   . . .        (no shield)
rNeg    . . .        a - +0 robe
rPois   .            (no helmet)
rElec   .            (no cloak)
rCorr   .            (no gloves)
SInv    .            (no boots)
Will    .....        (no amulet)
Stlth   +            (no ring)
HPRegen 0.24/turn    (no ring)
MPRegen 0.11/turn

%: no passive effects
@: confused, attractive
A: high MP 1, forlorn, divine attributes
a: no special abilities


You were on level 3 of the Dungeon.
You visited 1 branch of the dungeon, and saw 3 of its levels.

You collected 59 gold pieces.

Inventory:

Hand Weapons
 n - a +2 short sword of flaming (weapon)
Missiles
 g - 3 javelins
Armour
 a - a +0 robe (worn)
 q - a +0 hat
Jewellery
 i - a ring of wizardry
Scrolls
 c - a scroll of identify
 e - a scroll of enchant armour
 k - a scroll of amnesia {unknown}
 l - a scroll of immolation {unknown}
 m - 2 scrolls of teleportation
Potions
 b - a potion of magic
 f - a potion of haste {unknown}
 h - a potion of might {unknown}
 o - a potion of brilliance {unknown}


   Skills:
 + Level 1.4 Fighting
 - Level 1.7 Dodging
 + Level 2.5 Stealth
 + Level 2.3 Spellcasting
 + Level 4.0 Conjurations


You had 3 spell levels left.
You knew the following spells:

 Your Spells              Type           Power      Damage    Failure   Level
a - Magic Dart            Conj           88%        1d7       2%          1
b - Searing Ray           Conj           44%        2d6       3%          2

Your spell library contained the following spells:

 Spells                   Type           Power      Damage    Failure   Level
 Shock                    Conj/Air       48%        1d6       4%          1
 Dazzling Flash           Conj/Hex       24%        N/A       16%         3
 Sublimation of Blood     Necr           2%         N/A       17%         2
 Flame Wave               Conj/Fire      12%        2d6       45%         4
 Fulminant Prism          Conj/Hex       6%         3d7       45%         4
 Iskenderun's Mystic Bla  Conj/Tloc      12%        2d5       45%         4


Dungeon Overview and Level Annotations

Branches:
Dungeon (3/15)

Annotations:
D:3 Ijyb


Innate Abilities, Weirdness & Mutations

You have an increased reservoir of magic. (+10% MP)
You shall have no god before yourself.
Your divine heritage dramatically boosts your attributes as you level up.


Message History

Ijyb shouts!
The magic dart hits Ijyb.
Ijyb is lightly wounded.
The magic dart hits Ijyb but does no damage.
Ijyb is lightly wounded.
An adder comes into view.
Ijyb zaps a wand.
The bolt of light hits you!
You are confused.
Ouch! That really hurt!
You are too injured to fight recklessly!
Unknown command.
You are too injured to fight recklessly!
You are too injured to fight recklessly!
You are too injured to fight recklessly!
You are too injured to fight recklessly!
You bump into the rock wall.
The adder hisses angrily.
You're too confused to move!
You feel less confused.
Ijyb zaps a wand.
The bolt of light hits you!
* * * LOW HITPOINT WARNING * * *
Okay, then.
You aren't carrying any items that you can evoke.
Okay, then.
You see here a +0 flail.
As you read the scroll labelled NOCEIT IMIBY, it crumbles to dust.
It is a scroll of enchant weapon.
Your +1 short sword of flaming glows red for a moment.
As you read the scroll labelled ULECZE HAAH, it crumbles to dust.
You feel strangely unstable.
It was a scroll of teleportation.
It was a potion of cancellation.
You feel strangely stable.
You feel magically purged. Ijyb hits you with a +0 club.
* * * LOW HITPOINT WARNING * * *
It was a potion of attraction.
You feel attractive to monsters.
Ijyb zaps a wand.
The bolt of light hits you!
You are confused.
Ouch! That really hurt!
You die...

#..# .... #... ..# ... #S#
###########.# #......@gS#g#
#..######.#.#
##.#.......#.#######
#.###..###.)..##...####
##.#.#..[........#....#
#............##...##.###
##.######.#..###.......#
#######.######.#..#######.#.#
#.....#........#..........#.#


You could see Ijyb and an adder.

Vanquished Creatures
  A gnoll (D:1)
  2 adders (D:2)
  A dart slug (D:2)
  A ball python (D:1)
  6 endoplasms
  2 giant cockroaches (D:2)
  5 hobgoblins
  4 jackals (D:1)
  3 kobolds
  2 quokkas (D:1)
  2 bats (D:1)
  4 frilled lizards (D:1)
  A goblin (D:1)
  A rat (D:1)
35 creatures vanquished.

Notes
Turn   | Place    | Note
-------+----------+-------------------------------------------
     0 | D:1      | hikkokomori the Demigod Conjurer began the quest for the
                  | Orb.
     0 | D:1      | Reached XP level 1. HP: 14/14 MP: 5/5
   280 | D:1      | Reached XP level 2. HP: 22/22 MP: 1/7
   773 | D:1      | Got the Tome of Unholy Combat Magic
   796 | D:1      | Learned a level 2 spell: Searing Ray
   818 | D:1      | Reached skill level 1 in Fighting
   818 | D:1      | Reached XP level 3. HP: 28/28 MP: 1/8
  1364 | D:2      | Reached skill level 4 in Conjurations
  2081 | D:3      | Noticed Ijyb
  2091 | D:3      | HP: 1/28 [Ijyb/bolt of light (12)]
  2101 | D:3      | HP: 1/28 [Ijyb/+0 club (2)]
  2102 | D:3      | Killed from afar by Ijyb

Illustrated notes

Levels and vault maps discovered:
D:1:      evilmike_arrival_plus, layout_loops_ring,
          hellmonk_ecumenical_altar_inner_sanctum, minmay_hexomino_r4
D:2:      layout_basic
D:3:      layout_loops_corners, nicolae_ru_the_path_less_chosen, serial_shops,
          shop_fountains, uniq_ijyb

Skill      XL: |  1  2  3 |
---------------+----------+-----
Stealth        | 2 |  2.5
Spellcasting   | 2 |  2.3
Fighting       | 1 |  1.4
Conjurations   | 4 |  4.0
Dodging        | |  1.7

Action                     || total
---------------------------++-------
  Melee: Unarmed           ||    30
         Short sword       ||     2
   Cast: Magic Dart        ||    78
    Use: Scroll            ||     4
         Potion            ||     2
 Armour: Robe              ||     7
  Dodge: Dodged            ||    33

Table legend: (Time is in decaauts)
 A = Elapsed time spent in this place.
 B = Non-inter-level travel time spent in this place.
 C = Inter-level travel time spent in this place.
 D = Time resting spent in this place.
 E = Time spent auto-exploring this place.
 F = Levels seen in this place.
 G = Mean time per level.
                   A        B        C        D        E       F      G
               +--------+--------+--------+--------+--------+-----+--------+
         Total |   2101 |   2038 |     63 |      0 |   1806 |   3 |  700.3 |
       Dungeon |   2101 |   2038 |     63 |      0 |   1806 |   3 |  700.3 |
               +--------+--------+--------+--------+--------+-----+--------+

Top non-repeatable levels by time:
     D:1: 1286 daAuts
     D:2: 597 daAuts
     D:3: 217 daAuts
